 Dungeon Crawl Stone Soup version 0.18.1-48-g4cf74bf (webtiles) character file.

210 Implojin the Ruffian (level 5, 0/45 HPs)
             Began as a Minotaur Fighter on July 22, 2016.
             Splashed by a jelly's acid (1 damage)
             ... on level 6 of the Dungeon.
             The game lasted 00:03:29 (613 turns).

Implojin the Ruffian (Minotaur Fighter)              Turns: 613, Time: 00:03:29

Health: 0/45       AC:  5    Str: 20    XL:     5   Next: 56%
Magic:  4/4        EV:  5    Int: 10    God:
Gold:   14         SH:  9    Dex: 11    Spells: 0 memorised, 4 levels left

rFire  . . .     SeeInvis .       - Unarmed
rCold  . . .     Gourm    .     h - +0 chain mail
rNeg   . . .     Faith    .     b - +0 shield
rPois  +         Spirit   .     (helmet restricted)
rElec  .         Dismiss  .     (no cloak)
rCorr  .         Reflect  .     (no gloves)
SustAt .         Harm     .     (no boots)
MR     .....                    (no amulet)
Stlth  ..........               (no ring)
                                c - ring of poison resistance

@: brilliant, corroded, not resistant to hostile enchantments, extremely
unstealthy
A: retaliatory headbutt, horns 2
a: no special abilities


You were on level 6 of the Dungeon.
You were not hungry.

You visited 1 branch of the dungeon, and saw 7 of its levels.

You collected 14 gold pieces.

Inventory:

Missiles
 e - 5 tomahawks (quivered)
Armour
 a - a +0 scale mail
 b - a +0 shield (worn)
 h - a +0 chain mail (worn)
 l - a +0 ring mail
Jewellery
 c - a ring of poison resistance (left hand)
Potions
 f - a potion of flight
Comestibles
 d - 3 bread rations
 j - 3 fruits


   Skills:
 - Level 3.6 Fighting
 - Level 3.6 Armour
 - Level 3.6 Shields
 * Level 6.5 Unarmed Combat


You had 4 spell levels left.
You didn't know any spells.

Dungeon Overview and Level Annotations

Branches:
Dungeon (7/15)
 Temple: D:4-7

Altars:


Innate Abilities, Weirdness & Mutations

You reflexively headbutt those who attack you in melee.
You have a pair of horns on your head.


Message History

Read which item? (? for menu, Esc to quit)
Okay, then.
You hit the ice beast but do no damage.
The ice beast is moderately wounded.
You hit the ice beast.
The ice beast is heavily wounded.
The ice beast hits you but does no damage.
Your chain mail prevents you from hitting the ice beast.
The ice beast is heavily wounded.
The ice beast hits you.
* * * LOW HITPOINT WARNING * * *
The ice beast freezes you!
* * * LOW HITPOINT WARNING * * *
Unknown command.
Read which item? (? for menu, Esc to quit)
As you read the scroll of fear, it crumbles to dust.
You assume a fearsome visage.
The ice beast looks frightened!
Unknown command.
A jelly comes into view.
The jelly quivers.
Throwing (i - inventory):
e - 6 tomahawks (quivered)
Press: ? - help, Shift-Dir - straight line, f - jelly
Aim: a jelly You throw a tomahawk.
The tomahawk hits the jelly but does no damage.
You punch the jelly!
Your hands burn!
* * * LOW HITPOINT WARNING * * *
The jelly is heavily wounded.
The jelly completely misses you.
Unknown command.
You hit the jelly. The acid corrodes you!
Your hands burn!
* * * LOW HITPOINT WARNING * * *
The jelly is heavily wounded.
The jelly barely misses you.
Unknown command.
Drink which item? (? for menu, Esc to quit)
Okay, then.
You aren't carrying any spellbooks or scrolls.
You punch the jelly!
Your hands burn!
You die...

#. #......# #.#
#......# ..
#......##
#.###.......####
(..+.......Y...
#..#...........
#.J#...........
#@#...........
#.............
#..##.........
#...#.........
#.#.#.........
#.#...####....
#.##..# ...
..##..# .. ##
#..# .


You could see a jelly.

Vanquished Creatures
  An ogre (D:4)
  A hound (D:4)
  An iguana (D:4)
  A worker ant (D:4)
  2 adders (D:3)
  A worm (D:3)
  A giant gecko (D:2)
  An orc (D:4)
  8 jackals
  A bat (D:2)
  2 giant newts (D:4)
  A kobold (D:3)
21 creatures vanquished.

Notes
Turn   | Place    | Note
--------------------------------------------------------------
     0 | D:1      | Implojin the Minotaur Fighter began the quest for the Orb.
     0 | D:1      | Reached XP level 1. HP: 19/19 MP: 0/0
    78 | D:2      | Reached skill level 3 in Unarmed Combat
   103 | D:2      | Reached XP level 2. HP: 9/26 MP: 1/1
   139 | D:3      | Reached XP level 3. HP: 15/31 MP: 2/2
   188 | D:4      | Reached skill level 4 in Unarmed Combat
   195 | D:4      | Reached skill level 5 in Unarmed Combat
   195 | D:4      | Reached XP level 4. HP: 16/39 MP: 3/3
   421 | D:4      | Noticed an ogre
   438 | D:4      | Killed an ogre
   438 | D:4      | Reached skill level 6 in Unarmed Combat
   438 | D:4      | Reached XP level 5. HP: 41/45 MP: 4/4
   480 | D:5      | Entered Level 5 of the Dungeon
   591 | D:6      | Noticed an ice beast
   612 | D:6      | HP: 1/45 [acid (3)]
   613 | D:6      | Splashed by a jelly's acid

Skill      XL: |  1  2  3  4 |
---------------+-------------+-----
Unarmed Combat | 3 5 6 |  6.5
Fighting       | |  3.6
Armour         | |  3.6
Shields        | |  3.6

Action                   |  1- 3 |  4- 6 || total
-------------------------+-------+-------++-------
Melee: Unarmed           |    60 |    54 ||   114
       Headbutt          |     7 |    11 ||    18
Throw: Tomahawk          |       |     1 ||     1
  Use: Potion            |     2 |     1 ||     3
       Scroll            |       |     5 ||     5
Armor: Scale mail        |    27 |     4 ||    31
       Chain mail        |       |    19 ||    19
Dodge: Dodged            |    14 |     8 ||    22
Block: Shield            |    27 |    28 ||    55

Table legend:
 A = Turns spent in this place as a percentage of turns spent in the entire game.
 B = Non-inter-level travel turns spent in this place as a percentage of non-inter-level travel turns spent in the entire game.
 C = Inter-level travel turns spent in this place as a percentage of turns spent in this place.
 D = Turns resting spent in this place as a percentage of non-inter-level travel turns spent in this place.
 E = Turns spent auto-exploring this place as a percentage of non-inter-level travel turns spent in this place.
 F = Non-inter-level travel turns spent in this place divided by the number of levels of this place that you've seen.
                   A       B       C       D       E      F
               +-------+-------+-------+-------+-------+----------------------
         Total | 100.0 | 100.0 |   0.0 |   0.0 |   0.0 |  92.1
       Dungeon | 100.0 | 100.0 |   0.0 |   0.0 |   0.0 |  92.1
               +-------+-------+-------+-------+-------+----------------------

Table legend:
 A = Kills in this place as a percentage of kills in entire the game.
 B = Kills by you in this place as a percentage of kills by you in the entire game.
 C = Kills by friends in this place as a percentage of kills by friends in the entire game.
 D = Other kills in this place as a percentage of other kills in the entire game.
 E = Experience gained in this place as a percentage of experience gained in the entire game.
 F = Experience gained in this place divided by the number of levels of this place that you have seen.
                   A       B       C       D       E      F
               +-------+-------+-------+-------+-------+----------------------
         Total | 100.0 | 100.0 |  -nan |  -nan | 100.0 |  42.9
       Dungeon | 100.0 | 100.0 |  -nan |  -nan | 100.0 |  42.9
               +-------+-------+-------+-------+-------+----------------------
